 Dungeon Crawl Stone Soup version 0.23.1 (webtiles) character file.

Game seed: 8425956200880076145

24409 Womblebrain the Eclecticist (level 12, 0/56 HPs)
             Began as a Spriggan Conjurer on Mar 9, 2019.
             Was an Initiate of Gozag.
             Slain by a shadow wraith (18 damage)
             ... on level 13 of the Dungeon.
             The game lasted 01:43:05 (22027 turns).

Womblebrain the Eclecticist (Spriggan Conjurer)    Turns: 22027, Time: 01:43:05

Health: 0/56       AC:  9    Str: 14    XL:     12   Next: 80%
Magic:  15/34      EV: 23    Int: 20    God:    Gozag
Gold:   539        SH:  0    Dex: 24    Spells: 19/46 levels left

rFire    . . .     SeeInvis +   b - +4 morningstar of the Ass {elec, rPois Str+3}
rCold    + . .     Gourm    .   (shield restricted)
rNeg     + . .     Faith    .   H - +0 robe "Tecoar" {rC+ MR+}
rPois    +         Spirit   .   S - +2 hat {Int+3}
rElec    .         Reflect  .   B - +2 cloak
rCorr    .         Harm     .   (gloves unavailable)
MR       +++..                  (boots unavailable)
Stlth    ++++......             v - amulet of the acrobat
HPRegen  0.18/turn              w - ring "Icsaizeu" {*Drain rN+ Str+3 Dex+7 Stlth+}
MPRegen  0.24/turn              E - +2 ring of protection

@: slowed, quick
A: very small, unfitting armour, see invisible, herbivore, speed 3, slow
metabolism 2
a: Potion Petition, Call Merchant, Bribe Branch, Renounce Religion


You were on level 13 of the Dungeon.
You worshipped Gozag.
Gozag was pleased with you.
You were not hungry.

You visited 2 branches of the dungeon, and saw 14 of its levels.
You visited 1 bazaar.
You also visited: Sewer.

You collected 1952 gold pieces.
You spent 1233 gold pieces at shops.
You paid 180 gold pieces to Gozag.

Inventory:

Hand Weapons
 b - the +4 morningstar of the Ass (weapon) {elec, rPois Str+3}
   (You bought it in a shop in a bazaar)

   Occasionally, upon striking a foe, it will discharge some electrical energy
   and cause terrible harm.
   It affects your strength (+3).
   It protects you from poison.
 F - a +0 dagger of electrocution
 K - a +0 blowgun
Missiles
 l - 424 stones (quivered)
 I - 68 poisoned needles
 M - 4 throwing nets
Armour
 h - a scarf of resistance
 B - a +2 cloak (worn)
 H - the +0 robe "Tecoar" (worn) {rC+ MR+}
   (You found it on level 6 of the Dungeon)

   It protects you from cold.
   It affects your resistance to hostile enchantments.
 S - a +2 hat of intelligence (worn)
Magical Staves
 a - an uncursed staff of energy
Jewellery
 d - an uncursed ring of attention
 p - an uncursed ring of poison resistance
 r - an uncursed ring of resist corrosion
 v - an amulet of the acrobat (around neck)
 w - the ring "Icsaizeu" (left hand) {*Drain rN+ Str+3 Dex+7 Stlth+}
   (You bought it in a shop in a bazaar)

   [ring of positive energy]

   It affects your strength (+3).
   It affects your dexterity (+7).
   It protects you from negative energy.
   It causes draining when unequipped.
   It makes you more stealthy.
 E - a +2 ring of protection (right hand)
 L - an uncursed ring of wizardry
 Z - the ring of Erigua Jeuff {rElec rN+ Dex+6}
   (You found it on level 10 of the Dungeon)

   [ring of positive energy]

   It affects your dexterity (+6).
   It insulates you from electricity.
   It protects you from negative energy.
Wands
 z - a wand of polymorph (14)
 O - a wand of iceblast (14)
 R - a wand of scattershot (5)
 T - a wand of enslavement (10)
Scrolls
 g - 4 scrolls of teleportation
 i - 4 scrolls of blinking
 k - 3 scrolls of amnesia
 q - 2 scrolls of enchant weapon
 s - 2 scrolls of noise
 y - 7 scrolls of remove curse
 G - 2 scrolls of fog {unknown}
 J - 3 scrolls of identify
 N - a scroll of acquirement {unknown}
 P - a scroll of fear
 Q - a scroll of holy word {unknown}
 U - 2 scrolls of vulnerability {unknown}
Potions
 e - 11 potions of curing
 f - 3 potions of heal wounds
 j - 3 potions of flight
 m - 2 potions of lignification
 o - a potion of might
 t - 2 potions of brilliance
 u - a potion of resistance
 x - a potion of mutation
 A - a potion of berserk rage
 C - 2 potions of haste
 D - a potion of ambrosia
 W - a potion of invisibility
 X - 3 potions of agility
Comestibles
 c - 18 rations


   Skills:
 * Level 2.9 Fighting
 * Level 6.0 Dodging
 - Level 3.0 Stealth
 * Level 17.8 Spellcasting
 + Level 9.2 Conjurations
 - Level 9.1 Hexes
 * Level 3.9 Translocations
 * Level 1.5 Transmutations


You had 19 spell levels left.
You knew the following spells:

 Your Spells              Type           Power        Failure   Level  Hunger
a - Magic Dart            Conj           ####         1%          1    None
b - Dazzling Spray        Conj/Hex       ######       1%          3    None
c - Iskenderun's Mystic   Conj           ######..     1%          4    None
d - Fulminant Prism       Conj/Hex       ######....   1%          4    None
e - Force Lance           Conj/Tloc      #####...     1%          4    None
f - Confuse               Hex            ######..     1%          3    None
g - Tukima's Dance        Hex            ######..     1%          3    None
h - Yara's Violent Unrav  Hex/Tmut       #####.....   10%         5    ##.....

Your spell library contained the following spells:

 Spells                   Type           Power        Failure   Level  Hunger
 Confusing Touch          Hex            ######       1%          1    None
 Corona                   Hex            ######.      1%          1    None
 Ensorcelled Hibernation  Hex/Ice        #####.       1%          2    None
 Searing Ray              Conj           ######       1%          2    None
 Gell's Gravitas          Tloc           ####......   1%          3    None
 Metabolic Englaciation   Hex/Ice        #####.....   13%         5    ##.....
 Petrify                  Tmut/Erth      ###.....     22%         4    None


Dungeon Overview and Level Annotations

Branches:
Dungeon (13/15)            Temple (1/1) D:4            Lair (0/6) D:9
    Orc (0/2) D:10
 Vaults: D:13-14

Altars:
Ashenzari
Cheibriados
Dithmenos
Elyvilon
Fedhas
Gozag
Hepliaklqana
Kikubaaqudgha
Makhleb
Nemelex Xobeh
Okawaru
Qazlal
Ru
Sif Muna
Trog
Uskayaw
Vehumet
Wu Jian
Xom
Yredelemnul
Zin
The Shining One
Lugonu

Shops:
D:7 !   D:8 %

Annotations:
D:2 Natasha
D:3 Grinder
D:11 exclusion: downstairs
D:12 exclusion: downstairs


Innate Abilities, Weirdness & Mutations

You are very small and have problems with some larger weapons.
You are too small for most types of armour.
You have supernaturally acute eyesight. (SInv)
You are a herbivore.
You cover ground extremely quickly.
You need to consume almost no food.


Message History

Confirm with . or Enter, or press ? or * to list all spells.
Aiming: Iskenderun's Mystic Blast (safe; 1% risk of failure)
Press: ? - help, Shift-Dir - straight line, f/p - shadow wraith
Aim: a shadow wraith (heavily damaged, slightly transparent)
The orb of energy hits the shadow wraith!
The shadow wraith is severely damaged.
The shadow wraith completely misses you.
The shadow wraith hits you! The shadow wraith drains your vigour!
You feel as though you will be slow longer.
Casting: Iskenderun's Mystic Blast (safe; 1% risk of failure)
Confirm with . or Enter, or press ? or * to list all spells.
Aiming: Iskenderun's Mystic Blast (safe; 1% risk of failure)
Press: ? - help, Shift-Dir - straight line, f/p - shadow wraith
Aim: a shadow wraith (severely damaged, slightly transparent)
The orb of energy hits the shadow wraith!!
The shadow wraith is almost destroyed.
The orb of energy explodes!
The shadow wraith hits you. The shadow wraith hits you!!
You die...
Your body crumbles into a pile of gold.

#(.# ..
#.###'#
#####.#.#.#
#...Q.#...
##.####.#
#......#
########
##.....#
#.(....#
#.OW..#
#...OT.#
#..@..#
#$####.#
#####.# #.#
#.# #5#
c.#$ #W#
#$# ...#$
#.# #T#
....# #.#
.§....#.#
..#
§.....#.#
§..Q.....
§§..


You could see a two-headed ogre and a shadow wraith (invisible).

Vanquished Creatures
  Gastronok (D:8)
  Snorg (D:11)
  Harold (D:8)
  A hydra (D:10)
  4 two-headed ogres
  A tengu warrior (D:13)
  A death drake (D:13)
  An unseen horror (D:12)
  A wizard (D:10)
  2 cyclopes
  An orc sorcerer (D:10)
  2 gargoyles (D:12)
  3 kobold demonologists (D:12)
  A tengu conjurer (D:13)
  3 trolls
  A hornet (D:12)
  A meliai zombie (D:12)
  2 hippogriffs
  9 yaks
  A shadow (D:12)
  Sigmund (D:3)
  Eustachio (D:5)
  2 humans (D:12)
  A hungry ghost (D:10)
  A fire bat (D:6)
  4 water moccasins
  A sky beast (D:8)
  2 phantoms
  9 orc warriors
  5 black bears
  2 necrophages
  5 ice beasts
  6 ogres
  5 centaurs
  7 big kobolds
  3 crocodiles
  7 bullfrogs
  Dowan (D:6)
  4 scorpions
  3 killer bees (D:10)
  8 wights
  7 howler monkeys
  3 crimson imps
  6 centaur zombies
  3 bullfrog zombies
  5 hounds
  Crazy Yiuf (D:3)
  5 orc priests
  A gnoll shaman (D:9)
  A jelly (D:12)
  13 orc wizards
  3 bullfrog skeletons
  4 centaur skeletons
  Ijyb (D:3)
  Natasha (D:2)
  An iguana (D:8)
  17 worker ants
  2 hound skeletons
  A howler monkey zombie (D:5)
  A worker ant zombie (D:10)
  8 gnolls
  A howler monkey skeleton (D:4)
  8 adders
  2 river rats (Sewer)
  2 shadow imps
  An ooze (D:1)
  3 adder skeletons
  An adder zombie (D:6)
  3 worms
  5 dart slugs
  6 leopard geckos
  55 orcs
  3 ball pythons
  10 bats
  6 giant cockroaches
  7 hobgoblins
  22 jackals
  25 kobolds
  3 quokkas
  6 frilled lizards
  10 goblins
  A jackal skeleton (D:4)
  A quokka skeleton (D:7)
  A quokka zombie (D:5)
  11 rats
393 creatures vanquished.

Vanquished Creatures (others)
  187 fulminant prisms
  A fungus (D:7)
  3 plants (D:12)
191 creatures vanquished.

Grand Total: 584 creatures vanquished

Notes
Turn   | Place    | Note
-------+----------+-------------------------------------------
     0 | D:1      | Womblebrain the Spriggan Conjurer began the quest for the
                  | Orb.
     0 | D:1      | Reached XP level 1. HP: 9/9 MP: 5/5
   178 | D:1      | Reached XP level 2. HP: 13/13 MP: 3/6
   359 | D:1      | Reached skill level 3 in Spellcasting
   772 | D:1      | Reached XP level 3. HP: 16/16 MP: 0/8
  1611 | D:1      | Reached XP level 4. HP: 10/21 MP: 0/10
  1812 | D:2      | Reached skill level 4 in Spellcasting
  2458 | D:2      | Noticed Natasha
  2464 | D:2      | Killed Natasha
  2464 | D:2      | Reached XP level 5. HP: 13/24 MP: 5/13
  3163 | D:3      | Noticed Grinder
  3174 | D:3      | Learned a level 3 spell: Dazzling Spray
  3179 | D:3      | Learned a level 4 spell: Iskenderun's Mystic Blast
  3184 | D:3      | Learned a level 4 spell: Fulminant Prism
  3197 | D:3      | Reached skill level 5 in Spellcasting
  3201 | D:3      | Noticed Sigmund
  3238 | D:2      | Noticed Natasha
  3629 | D:3      | Killed Sigmund
  3629 | D:3      | Reached skill level 6 in Spellcasting
  3629 | D:3      | Reached XP level 6. HP: 25/28 MP: 1/16
  4175 | D:3      | Noticed Ijyb
  4249 | D:3      | Killed Ijyb
  4470 | D:3      | Found a runed translucent door.
  4471 | D:3      | Noticed Crazy Yiuf
  4722 | D:3      | Killed Crazy Yiuf
  4883 | D:4      | Found a staircase to the Ecumenical Temple.
  4902 | Temple   | Entered the Ecumenical Temple
  5014 | D:4      | Noticed an ice beast
  5034 | D:4      | Killed an ice beast
  5034 | D:4      | Reached skill level 7 in Spellcasting
  5034 | D:4      | Reached XP level 7. HP: 32/32 MP: 8/18
  5223 | D:4      | Reached skill level 5 in Conjurations
  5406 | D:4      | Reached skill level 8 in Spellcasting
  6505 | D:3      | Found a bloodstained altar of Trog.
  6522 | D:5      | Entered Level 5 of the Dungeon
  6528 | D:5      | Reached skill level 9 in Spellcasting
  6532 | D:5      | Reached XP level 8. HP: 34/36 MP: 12/22
  6729 | D:5      | Reached skill level 1 in Hexes
  6930 | D:5      | Found a snail-covered altar of Cheibriados.
  7176 | D:5      | Noticed Eustachio
  7192 | D:5      | Killed Eustachio
  7192 | D:5      | Reached skill level 10 in Spellcasting
  7733 | D:6      | Got a slimy robe
  7943 | D:6      | Found a glowing drain.
  7950 | Sewer    | Entered a sewer
  8346 | Sewer    | Found a white marble altar of Elyvilon.
  8517 | D:6      | Reached skill level 11 in Spellcasting
  8517 | D:6      | Reached XP level 9. HP: 39/39 MP: 12/25
  9275 | D:6      | Found a glowing golden altar of the Shining One.
  9275 | D:6      | Found a glowing silver altar of Zin.
  9276 | D:6      | Found a white marble altar of Elyvilon.
  9373 | D:6      | Found a burning altar of Makhleb.
  9442 | D:6      | Noticed Duvessa
  9449 | D:6      | Noticed Dowan
  9461 | D:6      | Noticed Duvessa
  9461 | D:6      | Duvessa changed into Duvessa the fire bat
  9716 | D:5      | Identified the cursed +0 robe "Tecoar" {rC+ MR+} (You found
                  | it on level 6 of the Dungeon)
  9725 | D:5      | Learned a level 4 spell: Force Lance
  9766 | D:6      | Killed Duvessa the fire bat
  9769 | D:6      | Killed Dowan
 10109 | D:6      | Found a sacrificial altar of Ru.
 10201 | D:6      | Reached skill level 12 in Spellcasting
 10721 | D:7      | Found an ornate altar of the Wu Jian Council.
 10721 | D:7      | Found a hide-covered altar of Uskayaw.
 10997 | D:7      | Found a blossoming altar of Fedhas.
 11402 | D:7      | Reached skill level 13 in Spellcasting
 11583 | D:7      | Found Luho Yfacepn's Distillery.
 11881 | D:8      | Noticed Harold
 11961 | D:8      | Reached XP level 10. HP: 44/44 MP: 22/28
 12290 | D:8      | Reached skill level 5 in Hexes
 12489 | D:8      | Noticed Gastronok
 12794 | D:8      | Found Guriyts's Food Shoppe.
 12812 | D:8      | Learned a level 3 spell: Confuse
 13166 | D:8      | Killed Harold
 13166 | D:8      | Reached skill level 14 in Spellcasting
 13766 | D:8      | Killed Gastronok
 14118 | D:9      | Noticed a two-headed ogre
 14277 | D:8      | Killed a two-headed ogre
 14277 | D:8      | Reached XP level 11. HP: 9/47 MP: 22/30
 14849 | D:9      | Found an opulent altar of Gozag.
 14854 | D:9      | Became a worshipper of Gozag Ym Sagoz the Greedy
 14926 | D:7      | Bought a potion of haste for 110 gold pieces
 14926 | D:7      | Bought a potion of invisibility for 88 gold pieces
 14926 | D:7      | Bought a potion of agility for 44 gold pieces
 14959 | D:9      | Learned a level 3 spell: Tukima's Dance
 15040 | D:9      | Found a stormy altar of Qazlal.
 15040 | D:9      | Found a deep blue altar of Sif Muna.
 15046 | D:9      | Found an ancient bone altar of Kikubaaqudgha.
 15048 | D:9      | Found a shadowy altar of Dithmenos.
 15049 | D:9      | Found a hazy altar of Hepliaklqana.
 15072 | D:9      | Found a staircase to the Lair.
 15185 | D:10     | Entered Level 10 of the Dungeon
 15205 | D:10     | Noticed a four-headed hydra
 15208 | D:10     | Reached skill level 15 in Spellcasting
 15212 | D:10     | Noticed a two-headed ogre
 15600 | D:10     | Noticed an orc sorcerer
 15606 | D:10     | Killed an orc sorcerer
 15908 | D:10     | Killed a two-headed ogre
 15938 | D:10     | Killed a four-headed hydra
 16107 | D:10     | Identified the cursed +1 leather armour of Impatience {rN+
                  | Str+4 Stlth-}
 16226 | D:10     | Noticed a wizard
 16239 | D:10     | Killed a wizard
 16357 | D:10     | Reached skill level 16 in Spellcasting
 16493 | D:10     | Found a staircase to the Orcish Mines.
 16967 | D:10     | Got a pitted ivory ring
 16969 | D:10     | Identified the ring of Erigua Jeuff {rElec rN+ Dex+6} (You
                  | found it on level 10 of the Dungeon)
 17487 | D:11     | Noticed Snorg
 17528 | D:11     | Killed Snorg
 17791 | D:11     | Reached skill level 1 in Fighting
 18211 | D:11     | Reached XP level 12. HP: 41/53 MP: 24/33
 18837 | D:12     | Found a flickering gateway to a bazaar.
 18942 | Bazaar   | Entered a bazaar
 18946 | Bazaar   | Found Ceigis's Jewellery Boutique.
 18964 | Bazaar   | Found Hyxuokev's Antique Armour Emporium.
 18981 | Bazaar   | Found Gaopt's Book Boutique.
 18998 | Bazaar   | Found Ajaodinif's Antique Weapon Shoppe.
 19024 | Bazaar   | Bought an uncursed ring of poison resistance for 180 gold
                  | pieces
 19024 | Bazaar   | Bought an uncursed amulet of the acrobat for 270 gold
                  | pieces
 19024 | Bazaar   | Bought the ring "Icsaizeu" {*Drain rN+ Str+3 Dex+7 Stlth+}
                  | for 406 gold pieces
 19048 | Bazaar   | Bought a pitted morningstar for 135 gold pieces
 19048 | Bazaar   | Identified the +4 morningstar of the Ass {elec, rPois
                  | Str+3} (You bought it in a shop in a bazaar)
 19648 | D:12     | Reached skill level 17 in Spellcasting
 19909 | D:12     | Reached skill level 1 in Translocations
 19961 | D:12     | Noticed a two-headed ogre
 19995 | D:12     | Killed a two-headed ogre
 19995 | D:12     | Reached skill level 5 in Dodging
 20529 | D:12     | Noticed a two-headed ogre
 20543 | D:12     | Killed a two-headed ogre
 21330 | D:12     | Learned a level 5 spell: Yara's Violent Unravelling
 21521 | D:13     | Noticed Nessos
 21529 | D:13     | Noticed a two-headed ogre
 21539 | D:13     | Noticed Nessos
 21539 | D:13     | Nessos changed into Nessos the death drake
 21646 | D:13     | Noticed a tengu warrior
 21680 | D:13     | Killed a tengu warrior
 21680 | D:13     | Reached skill level 1 in Transmutations
 21682 | D:13     | Killed Nessos the death drake
 22027 | D:13     | Slain by a shadow wraith

Skill      XL: |  1  2  3  4  5  6  7  8  9 10 11 12 |
---------------+-------------------------------------+-----
Conjurations   | 3 4 5 6 7 8 9 |  9.2
Spellcasting   | 3 4 6 7 9 11 13 14 16 17 | 17.8
Hexes          | 3 4 7 9 |  9.1
Fighting       | 1 2 |  2.9
Dodging        | 4 6 |  6.0
Translocations | 3 |  3.9
Transmutations | 1 |  1.5
Stealth        | |  3.0

Action                   |  1- 3 |  4- 6 |  7- 9 | 10-12 || total
-------------------------+-------+-------+-------+-------++-------
Melee: Dagger            |       |     9 |    71 |     9 ||    89
       Staff             |       |       |       |    13 ||    13
       Morningstar       |       |       |       |     7 ||     7
 Fire: Hunting sling     |     6 |    70 |     4 |       ||    80
 Cast: Magic Dart        |    93 |   137 |   454 |   354 ||  1038
       Iskenderun's Myst |       |     3 |    27 |    49 ||    79
       Fulminant Prism   |       |       |    21 |   166 ||   187
       Dazzling Spray    |       |       |     4 |     2 ||     6
       Confuse           |       |       |       |     8 ||     8
Evoke: Wand              |       |       |     1 |     5 ||     6
  Use: Potion            |       |       |     2 |     1 ||     3
       Scroll            |       |       |     7 |    18 ||    25
 Stab: Sleeping          |       |     1 |     2 |       ||     3
       Invisible         |       |       |     1 |     1 ||     2
       Confused          |       |       |       |     2 ||     2
  Eat: Ration            |       |     1 |     5 |     5 ||    11
Armor: Robe              |     2 |     3 |    21 |    30 ||    56
Dodge: Dodged            |    19 |    57 |   138 |   189 ||   403
